[Event "FIDE World Rapid Chess Championship 2021"]
[White "Tologontegin, Semetey"]
[Black "Klekowski, Maciej"]
[WhiteFideId "13800574"]
[BlackFideId "1132717"]
[WhiteElo "2300"]
[BlackElo "2528"]
[Result "0-1"]
[Round "02"]
[TimeControl "900+10"]
[Date "2021.12.26"]
[WhiteClock "0:00:18"]
[BlackClock "0:02:26"]

1. d4 Nf6 2. Nc3 d5 3. Bf4 e6 4. Nb5 Na6 5. e3 c6 6. Nc3 Nc7 7. Nf3 Be7 8. Bd3 O-O 9. O-O Nce8 10. Ne5 c5 11. dxc5 Bxc5 12. e4 d4 13. Ne2 Nh5 14. Bd2 f6 15. Nf3 e5 16. c3 dxc3 17. Bc4+ Kh8 18. Bxc3 Nd6 19. Bd5 Bg4 20. Qd3 Qe8 21. h3 Bd7 22. Nd2 Bb5 23. Nc4 Nxc4 24. Bxc4 Bc6 25. g4 Rd8 26. Qf3 Qg6 27. Kh2 Nf4 28. Nxf4 exf4 29. Bd5 Bxd5 30. exd5 Qg5 31. Rad1 Rfe8 32. Rd3 Bd6 33. Re1 Rxe1 34. Bxe1 Re8 35. Bd2 f5 36. gxf5 Qxf5 37. Bc3 h5 38. Rd1 Kh7 39. Rg1 g6 40. Rd1 Kh6 41. a3 g5 42. Bb4 g4 43. Qd3 Qf6 44. Bxd6 Qxd6 45. hxg4 f3+ 46. Kg1 hxg4 47. Qf5 Re5 48. Qf4+ Kg6 49. Rd4 Qe7 50. d6 Re1+ 0-1


[Site "http://www.Chess.com"]

[Event "FIDE World Rapid Chess Championship 2021"]
[White "Klimkowski, Jan"]
[Black "Moroni, Luca Jr"]
[WhiteFideId "21856222"]
[BlackFideId "865834"]
[WhiteElo "2211"]
[BlackElo "2519"]
[Result "1/2-1/2"]
[Round "02"]
[TimeControl "900+10"]
[Date "2021.12.26"]
[WhiteClock "0:00:26"]
[BlackClock "0:01:36"]

1. e4 e5 2. Nf3 Nc6 3. Bb5 a6 4. Ba4 Nf6 5. O-O b5 6. Bb3 Bc5 7. c3 d6 8. d4 Bb6 9. Be3 O-O 10. Nbd2 Rb8 11. Re1 h6 12. h3 Re8 13. dxe5 Bxe3 14. exf6 Bxd2 15. Qxd2 Qxf6 16. Re3 Be6 17. Bxe6 Qxe6 18. Nd4 Nxd4 19. cxd4 c5 20. d5 Qf6 21. Rae1 b4 22. b3 a5 23. g3 a4 24. f4 axb3 25. axb3 c4 26. bxc4 b3 27. Rb1 b2 28. Kh2 Rb7 29. e5 dxe5 30. Rxb2 Rbe7 31. d6 Re6 32. fxe5 Rxe5 33. Rxe5 Qxe5 34. d7 Rd8 35. Rb7 Qc5 36. Qe2 Kf8 37. h4 Qc6 38. Qb2 Rxd7 39. Rxd7 Qxd7 40. Qb8+ Ke7 41. Qe5+ Kf8 42. Qb8+ Ke7 43. Qe5+ Kf8 44. Qc3 Qf5 45. c5 Qf2+ 46. Kh1 Qf1+ 47. Kh2 Qf2+ 48. Kh1 Qf1+ 49. Kh2 1/2-1/2


[Site "http://www.Chess.com"]

[Event "FIDE World Rapid Chess Championship 2021"]
[White "Lopusiewicz, Piotr"]
[Black "Petrosyan, Manuel"]
[WhiteFideId "1116029"]
[BlackFideId "13300857"]
[WhiteElo "2197"]
[BlackElo "2514"]
[Result "0-1"]
[Round "02"]
[TimeControl "900+10"]
[Date "2021.12.26"]
[WhiteClock "0:03:26"]
[BlackClock "0:10:52"]

1. d4 Nf6 2. c4 e6 3. Nf3 d5 4. Nc3 Bb4 5. Bg5 dxc4 6. e4 h6 7. Bxf6 Qxf6 8. Bxc4 c5 9. e5 Qd8 10. O-O cxd4 11. Ne4 O-O 12. a3 Be7 13. Qd2 Bd7 14. Rfd1 Ba4 15. b3 Bc6 16. Ng3 Bxf3 17. gxf3 Nc6 18. f4 Na5 19. Qxd4 Qxd4 20. Rxd4 b5 21. Bxb5 Nxb3 22. Rd7 Nxa1 23. Rxe7 Nc2 24. Ne4 Nxa3 25. Bc6 Rac8 26. Bd7 Rc7 27. Nd6 Rd8 0-1


[Site "http://www.Chess.com"]

[Event "FIDE World Rapid Chess Championship 2021"]
[White "Czarnota, Pawel"]
[Black "Kanarek, Marcel"]
[WhiteFideId "1121219"]
[BlackFideId "1126822"]
[WhiteElo "2511"]
[BlackElo "2296"]
[Result "1-0"]
[Round "02"]
[TimeControl "900+10"]
[Date "2021.12.26"]
[WhiteClock "0:03:07"]
[BlackClock "0:00:19"]

1. e4 c5 2. Nf3 e6 3. d4 cxd4 4. Nxd4 Nf6 5. Nc3 Nc6 6. Nxc6 bxc6 7. Bd3 d5 8. O-O Be7 9. Qe2 O-O 10. b3 Nd7 11. Bb2 Bf6 12. Rad1 g6 13. f4 Bg7 14. e5 c5 15. Nb5 a6 16. Nd6 c4 17. Bxc4 dxc4 18. Qxc4 Nb6 19. Qc5 Nd7 20. Qe3 Qb6 21. Bd4 Qc6 22. Rf2 a5 23. Rd3 Ra6 24. Rc3 Qa8 25. Rc7 Rd8 26. Nxc8 Qb8 27. Qc3 Qb4 28. Qxb4 axb4 29. Ne7+ Kf8 30. Nc6 Rda8 31. Nxb4 1-0


[Site "http://www.Chess.com"]

[Event "FIDE World Rapid Chess Championship 2021"]
[White "Shevchenko, Kirill"]
[Black "Lubczynski, Rafal"]
[WhiteFideId "14129574"]
[BlackFideId "1126091"]
[WhiteElo "2508"]
[BlackElo "2289"]
[Result "1/2-1/2"]
[Round "02"]
[TimeControl "900+10"]
[Date "2021.12.26"]
[WhiteClock "0:01:03"]
[BlackClock "0:01:23"]

1. d4 Nf6 2. Bg5 c5 3. Bxf6 gxf6 4. d5 Qb6 5. Nd2 f5 6. e3 Qxb2 7. Rb1 Qf6 8. Bd3 Qg6 9. Ngf3 d6 10. g4 Qxg4 11. Rg1 Qh3 12. Ng5 Qxh2 13. Ndf3 Qh5 14. Bb5+ Nd7 15. Ne6 Rb8 16. Be2 Qh6 17. Nfg5 Ne5 18. Bb5+ Bd7 19. Bxd7+ Kxd7 20. Qe2 fxe6 21. Qb5+ Kc8 22. Nxe6 Qh5 23. Qa5 Nf3+ 24. Kf1 Nh2+ 25. Ke1 Nf3+ 26. Kf1 Nh2+ 1/2-1/2


[Site "http://www.Chess.com"]

[Event "FIDE World Rapid Chess Championship 2021"]
[White "Mitrabha, Guha"]
[Black "Zilka, Stepan"]
[WhiteFideId "5057000"]
[BlackFideId "315303"]
[WhiteElo "2107"]
[BlackElo "2474"]
[Result "1-0"]
[Round "02"]
[TimeControl "900+10"]
[Date "2021.12.26"]
[WhiteClock "0:15:00"]
[BlackClock "0:15:00"]

1. d4 d5 2. c4 e6 3. Nf3 Nf6 4. g3 dxc4 5. Bg2 a6 6. O-O Nc6 7. Nbd2 Nxd4 8. Nxc4 Nxf3+ 9. Bxf3 Bd6 10. Nxd6+ cxd6 11. b3 O-O 12. Ba3 Ne8 13. Qd3 f5 14. Rfd1 e5 15. Qd5+ Kh8 16. Qxe5 Qf6 17. Bxd6 Nxd6 18. Qxd6 Qxd6 19. Rxd6 a5 20. Rc1 a4 21. Rc7 axb3 22. axb3 Ra2 23. Kg2 Rb2 24. Rb6 f4 25. gxf4 h6 26. e3 Rd8 27. Rg6 Bd7 28. Rxb7 Rd2 29. Bg4 Kh7 30. Rbb6 Rb2 31. Rgd6 1-0


[Site "http://www.Chess.com"]

[Event "FIDE World Rapid Chess Championship 2021"]
[White "Dubov, Daniil"]
[Black "Fridman, Daniel"]
[WhiteFideId "24126055"]
[BlackFideId "11600454"]
[WhiteElo "2735"]
[BlackElo "2542"]
[Result "1/2-1/2"]
[Round "02"]
[TimeControl "900+10"]
[Date "2021.12.26"]
[WhiteClock "0:13:11"]
[BlackClock "0:09:41"]

1. d4 d5 2. c4 e6 3. Nf3 Nf6 4. g3 dxc4 5. Bg2 c5 6. O-O Nc6 7. Qa4 Bd7 8. Qxc4 b5 9. Qd3 c4 10. Qd1 Rc8 11. Ne5 Nxe5 12. dxe5 Ng4 13. a4 b4 14. Qd4 h5 15. h3 Bc5 16. Qf4 Bxf2+ 17. Rxf2 Nxf2 18. Qxf2 Bc6 19. Bxc6+ Rxc6 20. Nd2 1/2-1/2


[Site "http://www.Chess.com"]

[Event "FIDE World Rapid Chess Championship 2021"]
[White "Erigaisi, Arjun"]
[Black "Petrosian, Tigran L."]
[WhiteFideId "35009192"]
[BlackFideId "13301616"]
[WhiteElo "2397"]
[BlackElo "2621"]
[Result "1-0"]
[Round "02"]
[TimeControl "900+10"]
[Date "2021.12.26"]
[WhiteClock "0:00:55"]
[BlackClock "0:00:19"]

1. d4 d6 2. e4 Nf6 3. Nc3 g6 4. Be3 c6 5. Qd2 b5 6. f3 Nbd7 7. g4 Nb6 8. b3 h5 9. g5 Nfd7 10. d5 cxd5 11. Bd4 Rg8 12. Bxb5 dxe4 13. fxe4 Bb7 14. Nge2 a6 15. Bxd7+ Nxd7 16. O-O e6 17. Rf2 Be7 18. h4 Ne5 19. Qf4 Rf8 20. Bxe5 dxe5 21. Qxe5 Bd6 22. Qd4 Qc7 23. Qa4+ Ke7 24. Rf3 Rac8 25. Rd1 Qb6+ 26. Kf1 Bc6 27. Qd4 Qxd4 28. Rxd4 Bb7 29. Rfd3 Rfd8 30. Kg2 Bc7 31. Rxd8 Bxd8 32. Kf3 Ba5 33. a3 Bc7 34. Na4 Bd6 35. c3 Bxa3 36. b4 Bc6 37. Nb6 Rc7 38. Nd4 Be8 39. Nb3 Bb5 40. c4 Be8 41. Nc5 Bxb4 42. Nxa6 Rc6 43. Nxb4 Rxb6 44. Rb3 Rd6 45. Nd3 Rd4 46. Rb7+ Kd6 47. c5+ Kc6 48. Rb6+ Kc7 49. Ke3 Rc4 50. Rb4 Rc2 51. Rb2 Rc4 52. Kf4 Bc6 53. Rb4 Rc3 54. Rd4 Be8 55. Ke5 Bb5 56. Nb4 Rf3 57. c6 Kb6 58. Rd8 Rb3 59. Rb8+ Kc5 60. c7 Bd7 61. Na6+ Kc4 62. Rxb3 1-0


[Site "http://www.Chess.com"]

[Event "FIDE World Rapid Chess Championship 2021"]
[White "Nihal, Sarin"]
[Black "Fedoseev, Vladimir"]
[WhiteFideId "25092340"]
[BlackFideId "24130737"]
[WhiteElo "2500"]
[BlackElo "2692"]
[Result "1/2-1/2"]
[Round "02"]
[TimeControl "900+10"]
[Date "2021.12.26"]
[WhiteClock "0:00:30"]
[BlackClock "0:00:25"]

1. d4 Nf6 2. Nf3 e6 3. e3 b6 4. Bd3 Bb7 5. O-O c5 6. c4 d6 7. Nc3 Nbd7 8. b3 Be7 9. Bb2 cxd4 10. exd4 d5 11. Qe2 O-O 12. Rad1 a6 13. Ne5 dxc4 14. bxc4 b5 15. cxb5 axb5 16. Bxb5 Nxe5 17. dxe5 Nd5 18. a4 Qb6 19. Ne4 Nf4 20. Qf3 Ng6 21. Rd7 Bd5 22. g3 Rfd8 23. Rxd8+ Bxd8 24. Rd1 Qb7 25. Rxd5 Qxd5 26. Bc6 Qa2 27. Nd6 Ra7 28. Bd4 Re7 29. Be8 Qb1+ 30. Kg2 Qb8 31. Bxf7+ Kh8 32. Be8 Bc7 33. Bb5 Kg8 34. Qc6 Qd8 35. h4 Ba5 36. Bc4 Nf8 37. Qe4 Bb4 38. Nb5 Rd7 39. Be3 Qc8 40. Bxe6+ Nxe6 41. Qxb4 Qc6+ 42. f3 Qc2+ 43. Kh3 Rd1 44. Qe4 Rh1+ 45. Kg4 Qc8 46. Nd6 Qd7 47. Qb7 g6 48. Bh6 Qxb7 49. Nxb7 Ra1 50. a5 Ra3 51. h5 gxh5+ 52. Kf5 Nd4+ 53. Ke4 Nc6 54. e6 Ra4+ 55. Kd5 Ne7+ 56. Kc5 Nf5 57. Bg5 Kf8 58. Kb6 Rb4+ 59. Kc7 Ra4 60. g4 hxg4 61. fxg4 Rxg4 62. a6 Ra4 63. Nc5 Ra1 64. Bf6 Ra2 65. Kd8 h5 1/2-1/2


[Site "http://www.Chess.com"]

[Event "FIDE World Rapid Chess Championship 2021"]
[White "Duda, Jan-Krzysztof"]
[Black "Volokitin, Andrei"]
[WhiteFideId "1170546"]
[BlackFideId "14107090"]
[WhiteElo "2801"]
[BlackElo "2631"]
[Result "1-0"]
[Round "03"]
[TimeControl "900+10"]
[Date "2021.12.26"]
[WhiteClock "0:00:48"]
[BlackClock "0:00:13"]

1. d4 Nf6 2. c4 e6 3. Nf3 d5 4. Nc3 Bb4 5. cxd5 exd5 6. Bg5 h6 7. Bh4 O-O 8. e3 Bf5 9. Be2 Nbd7 10. O-O c6 11. Qb3 Ba5 12. Bg3 Qb6 13. Nd2 c5 14. dxc5 Nxc5 15. Qxb6 axb6 16. Rfc1 Rfc8 17. a3 Bxc3 18. Rxc3 Na4 19. Rxc8+ Rxc8 20. Be5 Rc2 21. Bd1 Rxd2 22. Bxa4 Ne4 23. f3 Nc5 24. Rd1 Re2 25. Bb5 Rxe3 26. Rxd5 Bd3 27. Rd8+ Kh7 28. Bxd3+ Nxd3 29. Bc3 Nf4 30. Rd7 Re2 31. Rxf7 Ne6 32. Re7 Nd4 33. Rxb7 Nf5 34. g4 Ne3 35. Rxg7+ Kh8 36. Re7+ Kg8 37. Bd4 1-0


[Site "http://www.Chess.com"]

[Event "FIDE World Rapid Chess Championship 2021"]
[White "Quparadze, Giga"]
[Black "Grischuk, Alexander"]
[WhiteFideId "13602250"]
[BlackFideId "4126025"]
[WhiteElo "2583"]
[BlackElo "2763"]
[Result "0-1"]
[Round "03"]
[TimeControl "900+10"]
[Date "2021.12.26"]
[WhiteClock "0:11:00"]
[BlackClock "0:00:50"]

1. e4 c5 2. Nf3 d6 3. d4 cxd4 4. Nxd4 Nf6 5. Nc3 a6 6. Nb3 e6 7. g4 b5 8. g5 b4 9. Nd5 Nxe4 10. Bg2 exd5 11. Qxd5 Ra7 12. Be3 Bb7 13. Qd4 Nc5 14. Bxb7 Rxb7 15. O-O-O Nc6 16. Qd5 Nxb3+ 17. axb3 Qd7 18. Bd4 Rb5 19. Qe4+ Kd8 20. Rhe1 Rxg5 21. Bb6+ Kc8 22. Rd5 Be7 23. Qc4 Rxd5 24. Qxd5 Re8 25. Kb1 Bd8 26. Rxe8 Qxe8 27. Be3 Bc7 28. Qf5+ Kb7 29. Qxh7 g6 30. h4 Bb6 31. h5 gxh5 32. Qxh5 Bxe3 33. fxe3 Qe6 34. Qf3 f5 35. Qf4 a5 36. Qg5 Kb6 37. Qg1 Qe4 38. Qf2 a4 39. Ka2 axb3+ 40. cxb3 Ne5 41. Qg1 Qa8+ 42. Kb1 Qe4+ 43. Ka2 Ng4 44. Qd1 Qa8+ 45. Kb1 Qe4+ 46. Ka2 Kc7 47. Qc1+ Kd7 48. Qg1 Qa8+ 49. Kb1 Qe4+ 50. Ka2 Nxe3 51. Qg7+ Kc6 52. Qa7 Qe5 53. Qa4+ Kc5 54. Qa5+ Kd4 55. Qxb4+ Kd3 56. Qe1 f4 57. Qf2 Ke4 58. Qh4 d5 59. b4 d4 60. Qh7+ Kf3 61. Qh1+ Kf2 62. Qc1 f3 0-1


[Site "http://www.Chess.com"]

[Event "FIDE World Rapid Chess Championship 2021"]
[White "Gareyev, Timur"]
[Black "Rapport, Richard"]
[WhiteFideId "14200937"]
[BlackFideId "738590"]
[WhiteElo "2578"]
[BlackElo "2750"]
[Result "1-0"]
[Round "03"]
[TimeControl "900+10"]
[Date "2021.12.26"]
[WhiteClock "0:00:53"]
[BlackClock "0:00:32"]

1. d4 e6 2. c4 f5 3. Nc3 Nf6 4. Nf3 Bb4 5. Qb3 a5 6. e3 b6 7. Be2 O-O 8. Ne5 Bb7 9. Bd2 Ne4 10. Nxe4 fxe4 11. Bxb4 axb4 12. f4 exf3 13. Bxf3 Bxf3 14. Nxf3 c5 15. O-O Nc6 16. d5 exd5 17. cxd5 Na5 18. Qd3 Qf6 19. b3 Nb7 20. e4 Nd6 21. e5 Qf5 22. Qe3 Nb5 23. Nd2 Qg6 24. Nf3 Nc3 25. d6 Rf4 26. Nd2 Rd4 27. Rf2 h6 28. Nc4 Re8 29. Qf3 Ne4 30. Qf5 Kh7 31. Rf4 Nc3 32. Qxg6+ Kxg6 33. Rxd4 cxd4 34. Re1 Kf5 35. Kf2 b5 36. g4+ Kf4 37. Nb2 Ne4+ 38. Kg2 Kxe5 39. Nd3+ Kxd6 40. Nxb4 Re6 41. Nc2 Kc5 42. Rd1 Nc3 43. b4+ Kb6 44. Rd2 d3 45. Nd4 Rd6 46. Nf5 Rd5 47. Kf3 Nb1 48. Rd1 Nc3 49. Rd2 h5 50. h3 hxg4+ 51. hxg4 Nb1 52. Rd1 Nc3 53. Rd2 Nxa2 54. Ne3 Rd4 55. Rxa2 d2 56. Ke2 d1=N 57. Nxd1 Rxg4 58. Ne3 Rh4 59. Kd3 d5 60. Rg2 Rh7 61. Rg6+ Kc7 62. Nf5 Rh5 63. Rxg7+ Kb6 64. Rg6+ Kb7 65. Rf6 Rg5 66. Kd4 1-0


[Site "http://www.Chess.com"]

[Event "FIDE World Rapid Chess Championship 2021"]
[White "Harsha, Bharathakoti"]
[Black "Onyshchuk, Volodymyr"]
[WhiteFideId "5078776"]
[BlackFideId "14114038"]
[WhiteElo "2484"]
[BlackElo "2687"]
[Result "1-0"]
[Round "03"]
[TimeControl "900+10"]
[Date "2021.12.26"]
[WhiteClock "0:03:26"]
[BlackClock "0:01:22"]

1. d4 d6 2. Nf3 g6 3. g3 Bg7 4. Bg2 Nf6 5. O-O O-O 6. b3 b5 7. Nbd2 Bb7 8. c4 bxc4 9. bxc4 Nbd7 10. Rb1 Qc8 11. Qc2 Rb8 12. e4 c5 13. d5 Ba6 14. Rb3 Qc7 15. Bb2 Rb6 16. Bc3 Rbb8 17. Ra3 Bc8 18. h3 Nb6 19. Re1 e5 20. dxe6 Bxe6 21. e5 Bf5 22. Qc1 Ne8 23. g4 Be6 24. Ng5 dxe5 25. Nxe6 fxe6 26. Ra6 Nd6 27. Bxe5 Bxe5 28. Rxe5 Rbd8 29. Rxe6 Qf7 30. Re2 Ndxc4 31. Nxc4 Nxc4 32. Rc6 Rd4 33. Rxc5 Rfd8 34. Qc3 Qf4 35. Qg3 Qxg3 36. fxg3 R8d7 37. g5 Kg7 38. h4 Nd6 39. Kh2 Nf5 40. Bh3 Rd2 41. Rc2 Rxe2+ 42. Rxe2 Rb7 43. Bxf5 gxf5 44. Re5 Kg6 45. Re6+ Kg7 46. Ra6 Rb2+ 47. Kh3 Rb7 48. Kg2 Rb1 49. h5 Rb7 50. Kf3 Rc7 51. Kf4 Rf7 52. Ra5 h6 53. Rxf5 Rb7 54. Ra5 a6 55. gxh6+ Kxh6 56. Rxa6+ 1-0


[Site "http://www.Chess.com"]

[Event "FIDE World Rapid Chess Championship 2021"]
[White "Jobava, Baadur"]
[Black "Dziuba, Marcin"]
[WhiteFideId "13601520"]
[BlackFideId "1112953"]
[WhiteElo "2679"]
[BlackElo "2424"]
[Result "1-0"]
[Round "03"]
[TimeControl "900+10"]
[Date "2021.12.26"]
[WhiteClock "0:00:40"]
[BlackClock "0:00:12"]

1. e4 c5 2. Nf3 d6 3. Bb5+ Bd7 4. Bxd7+ Nxd7 5. O-O Ngf6 6. Qe2 e6 7. c3 Be7 8. d4 O-O 9. Rd1 Qc7 10. e5 Nd5 11. c4 N5b6 12. Nc3 cxd4 13. exd6 Qxd6 14. Nb5 Qc6 15. b3 a6 16. Nbxd4 Qc7 17. a4 Rae8 18. a5 Nc8 19. Nxe6 Bf6 20. Nxc7 Rxe2 21. Kf1 Re4 22. Ra2 Ne5 23. Ba3 Be7 24. Nxe5 Rxe5 25. Bb2 Rh5 26. h3 Na7 27. Rd7 Nc6 28. Nd5 Bd8 29. Bc3 Re8 30. Rxb7 1-0


[Site "http://www.Chess.com"]

[Event "FIDE World Rapid Chess Championship 2021"]
[White "Gelfand, Boris"]
[Black "Erigaisi, Arjun"]
[WhiteFideId "2805677"]
[BlackFideId "35009192"]
[WhiteElo "2648"]
[BlackElo "2397"]
[Result "1/2-1/2"]
[Round "03"]
[TimeControl "900+10"]
[Date "2021.12.26"]
[WhiteClock "0:00:23"]
[BlackClock "0:00:23"]

1. Nf3 Nf6 2. c4 e6 3. g3 d5 4. d4 dxc4 5. Bg2 Nbd7 6. O-O c6 7. a4 a5 8. Qc2 b5 9. Ne5 Nxe5 10. dxe5 Nd5 11. axb5 cxb5 12. Nc3 Qb6 13. Nxd5 exd5 14. Bxd5 Ra7 15. b3 Bc5 16. bxc4 b4 17. Qe4 O-O 18. Kg2 b3 19. Bb2 a4 20. Ra3 Qh6 21. Rd1 Qh3+ 22. Kg1 Qf5 23. Qxf5 Bxf5 24. e4 Bg4 25. Rda1 Bd7 26. Kf1 Rb8 27. Ke2 Ra6 28. h4 g6 29. f4 h5 30. Kd3 Kf8 31. Rf1 Ke8 32. Rfa1 Bf2 33. f5 gxf5 34. exf5 Bxf5+ 35. Ke2 Bxg3 36. Rxa4 Rxa4 37. Rxa4 Bxh4 38. Ra7 Be7 39. Ra6 Bg6 40. e6 h4 41. exf7+ Bxf7 42. Rh6 Bxd5 43. Rh8+ Kf7 44. Rxb8 Bxc4+ 45. Kf2 Kg6 46. Bd4 Kf5 47. Rb7 Ke4 48. Rxe7+ Kxd4 49. Rh7 b2 50. Rxh4+ Kd3 51. Rh1 Ba2 52. Re1 Kc3 53. Re3+ Kd4 54. Re1 Kd3 55. Re3+ 1/2-1/2


[Site "http://www.Chess.com"]

[Event "FIDE World Rapid Chess Championship 2021"]
[White "Antipov, Mikhail Al."]
[Black "Muradli, Mahammad"]
[WhiteFideId "4107012"]
[BlackFideId "13409301"]
[WhiteElo "2644"]
[BlackElo "2285"]
[Result "0-1"]
[Round "03"]
[TimeControl "900+10"]
[Date "2021.12.26"]
[WhiteClock "0:00:13"]
[BlackClock "0:00:18"]

1. e4 c5 2. Nf3 d6 3. d4 cxd4 4. Nxd4 Nf6 5. Nc3 a6 6. Be3 e5 7. Nb3 Be6 8. f3 h5 9. Qd2 Nbd7 10. Nd5 Bxd5 11. exd5 g6 12. O-O-O Qc7 13. Kb1 Bg7 14. Rg1 O-O 15. g4 Rfc8 16. gxh5 Nxh5 17. Bd3 Nb6 18. Qa5 Nd7 19. Qa4 a5 20. a3 b5 21. Bxb5 Qxc2+ 22. Ka2 Ndf6 23. Bc6 Rab8 24. Ba7 Nf4 25. Rd2 Qf5 26. Bxb8 Rxb8 27. Qxa5 e4 28. Qa7 Rxb3 29. Kxb3 exf3 30. Re1 Ne4 31. Qb8+ Kh7 32. Rxe4 Qxe4 33. Qe8 Be5 34. Qxf7+ Kh6 35. Qf8+ Kh5 36. Bb5 Ne2 37. Qc8 Qe3+ 38. Kc2 Nd4+ 39. Rxd4 Qxd4 40. Qc4 Qxb2+ 41. Kd1 Qxa3 42. h3 Qa1+ 43. Kd2 Qg1 44. Bd7 Qf2+ 45. Kd1 Bd4 46. Qd3 Be3 47. Be8 Kh4 48. Bxg6 Bf4 49. Be8 Kg3 50. h4 Qb2 51. Bb5 Qc1# 0-1


[Site "http://www.Chess.com"]

[Event "FIDE World Rapid Chess Championship 2021"]
[White "Van Foreest, Lucas"]
[Black "Alekseenko, Kirill"]
[WhiteFideId "1039792"]
[BlackFideId "4135539"]
[WhiteElo "2374"]
[BlackElo "2637"]
[Result "0-1"]
[Round "03"]
[TimeControl "900+10"]
[Date "2021.12.26"]
[WhiteClock "0:06:21"]
[BlackClock "0:04:25"]

1. e4 e5 2. Nf3 Nc6 3. Bc4 Bc5 4. Nc3 Nf6 5. d3 d6 6. Na4 Bb6 7. a3 Qe7 8. O-O Be6 9. Bb5 O-O 10. c3 Na5 11. Nxb6 axb6 12. Ba4 Nc6 13. Bc2 d5 14. Qe2 dxe4 15. dxe4 h6 16. b4 Nh7 17. a4 Qf6 18. h3 Ne7 19. Kh2 Ng6 20. g3 b5 21. Qe3 Rfd8 22. Bb2 Bc4 23. Rfd1 Rxd1 24. Bxd1 Rd8 25. Bc2 bxa4 26. Rxa4 Qe6 27. Ra1 c6 28. Rd1 Rxd1 29. Bxd1 Bf1 30. Ng1 Ng5 31. h4 Nh7 32. Bc1 Nf6 33. f3 Ne7 34. Qf2 Bc4 35. Be3 Bb3 36. Be2 Nc8 37. Bf1 Nd6 38. Bh3 Qe8 39. Ne2 Be6 40. Bc5 Nc4 41. Bg2 Qd8 42. Qe1 Qd3 43. Bf2 Nd2 44. Ng1 Qxc3 45. Qe2 Bc4 46. Qe1 Qxb4 47. Qa1 Qd6 48. Qa8+ Kh7 49. Qxb7 Ndxe4 50. Be3 Qd3 51. Qxc6 Qxe3 52. Qxc4 Ng4+ 53. Kh3 Nef2# 0-1


[Site "http://www.Chess.com"]

[Event "FIDE World Rapid Chess Championship 2021"]
[White "Halkias, Stelios"]
[Black "Nakamura, Hikaru"]
[WhiteFideId "4201809"]
[BlackFideId "2016192"]
[WhiteElo "2576"]
[BlackElo "2836"]
[Result "1/2-1/2"]
[Round "03"]
[TimeControl "900+10"]
[Date "2021.12.26"]
[WhiteClock "0:15:52"]
[BlackClock "0:14:42"]

1. Nf3 d5 2. d4 Nf6 3. c4 e6 4. g3 Be7 5. Bg2 O-O 6. O-O dxc4 7. Ne5 Nc6 8. Bxc6 bxc6 9. Nxc6 Qe8 10. Nxe7+ Qxe7 11. Qa4 e5 12. dxe5 Qxe5 13. Qxc4 Be6 14. Qc2 Bf5 15. Qc4 Be6 16. Qc2 Bf5 17. Qc4 1/2-1/2


[Site "http://www.Chess.com"]

[Event "FIDE World Rapid Chess Championship 2021"]
[White "Giri, Anish"]
[Black "Santos Latasa, Jaime"]
[WhiteFideId "24116068"]
[BlackFideId "2293307"]
[WhiteElo "2767"]
[BlackElo "2618"]
[Result "1-0"]
[Round "03"]
[TimeControl "900+10"]
[Date "2021.12.26"]
[WhiteClock "0:01:56"]
[BlackClock "0:00:53"]

1. e4 e5 2. Nf3 Nc6 3. Bc4 Bc5 4. O-O Nf6 5. d3 a6 6. c3 d6 7. Re1 Ba7 8. Nbd2 O-O 9. Nf1 Na5 10. Bb3 Nxb3 11. axb3 Re8 12. Ng3 h6 13. h3 Bd7 14. d4 Bc6 15. Qc2 Qe7 16. d5 Bd7 17. b4 c6 18. dxc6 Bxc6 19. c4 Qe6 20. b3 Rac8 21. Qd3 Bb6 22. Be3 Bxe3 23. Rxe3 Red8 24. Qe2 g6 25. Rd3 b5 26. Nd2 Bb7 27. Qe3 h5 28. Qh6 Qe7 29. Rf3 Nh7 30. Nxh5 Qf8 31. Qxf8+ Kxf8 32. Ng3 Ng5 33. Rd3 Ne6 34. Ne2 f5 35. exf5 gxf5 36. f4 Ke7 37. Re3 Kf6 38. Rf1 e4 39. Rf2 d5 40. cxd5 Nc7 41. Nc3 a5 42. bxa5 b4 43. Ncxe4+ fxe4 44. Nxe4+ Kf7 45. d6 Nd5 46. Ng5+ Kg8 47. Re6 Rd7 48. Rg6+ Kf8 49. f5 Bc6 50. f6 Rxd6 51. Nh7+ Kf7 52. Rg7+ Ke6 53. Re2+ Kf5 54. g3 Nxf6 55. Rg5# 1-0


[Site "http://www.Chess.com"]

[Event "FIDE World Rapid Chess Championship 2021"]
[White "Wojtaszek, Radoslaw"]
[Black "Hovhannisyan, Robert"]
[WhiteFideId "1118358"]
[BlackFideId "13302507"]
[WhiteElo "2743"]
[BlackElo "2613"]
[Result "1/2-1/2"]
[Round "03"]
[TimeControl "900+10"]
[Date "2021.12.26"]
[WhiteClock "0:00:37"]
[BlackClock "0:00:33"]

1. c4 e5 2. d3 Nf6 3. Nf3 Nc6 4. a3 d5 5. cxd5 Nxd5 6. e3 g5 7. h3 Bg7 8. Be2 h5 9. Nfd2 g4 10. hxg4 hxg4 11. Rxh8+ Bxh8 12. g3 f5 13. Nc3 Be6 14. e4 Nxc3 15. bxc3 Qd7 16. exf5 Bxf5 17. Ne4 Qh7 18. Qa4 O-O-O 19. Be3 Qh1+ 20. Bf1 Rxd3 21. Nc5 Rxe3+ 22. fxe3 Qf3 23. Qc4 Qxe3+ 24. Kd1 Bf6 25. Bg2 Bg5 26. Qg8+ Bd8 27. Qc4 Be7 28. Bxc6 bxc6 29. Qg8+ Bd8 30. Qc4 Qg1+ 31. Ke2 Qg2+ 32. Kd1 Bc2+ 33. Ke1 Qxg3+ 34. Kf1 Qf3+ 35. Kg1 Qe3+ 36. Kg2 Qh3+ 37. Kg1 Qg3+ 38. Kh1 Qf3+ 39. Kg1 Qe3+ 40. Kg2 Qd2+ 41. Kg1 Qe3+ 42. Kg2 Qf3+ 1/2-1/2


[Site "http://www.Chess.com"]

[Event "FIDE World Rapid Chess Championship 2021"]
[White "Van Foreest, Jorden"]
[Black "Dubov, Daniil"]
[WhiteFideId "1039784"]
[BlackFideId "24126055"]
[WhiteElo "2563"]
[BlackElo "2735"]
[Result "1/2-1/2"]
[Round "03"]
[TimeControl "900+10"]
[Date "2021.12.26"]
[WhiteClock "0:01:36"]
[BlackClock "0:01:00"]

1. e4 e5 2. Nf3 Nc6 3. Bb5 a6 4. Ba4 Nf6 5. O-O Be7 6. d3 b5 7. Bb3 d6 8. c3 O-O 9. h3 Na5 10. Bc2 c5 11. d4 Qc7 12. d5 Nc4 13. b3 Nb6 14. a4 bxa4 15. bxa4 a5 16. Na3 Ba6 17. Re1 Rfb8 18. Rb1 Qd7 19. Nb5 Ne8 20. Qe2 c4 21. Be3 Nc7 22. Bxb6 Rxb6 23. Na3 Rab8 24. Nd2 Rxb1 25. Rxb1 Rxb1+ 26. Ndxb1 Na8 27. Nxc4 Qc7 28. Bd3 Bxc4 29. Bxc4 Nb6 30. Bb5 Qc5 31. g3 Bg5 32. h4 Bh6 33. Kg2 g6 34. Qf3 Kg7 35. Be8 f6 36. h5 Bg5 37. Qg4 Qc7 38. Na3 Nc4 39. Nxc4 Qxc4 40. Qd7+ Kh6 41. Qxd6 Qxe4+ 42. Kh2 Qf3 43. Qc5 e4 44. hxg6 Qh5+ 45. Kg2 1/2-1/2


[Site "http://www.Chess.com"]

[Event "FIDE World Rapid Chess Championship 2021"]
[White "Fridman, Daniel"]
[Black "Aronian, Levon"]
[WhiteFideId "11600454"]
[BlackFideId "13300474"]
[WhiteElo "2542"]
[BlackElo "2728"]
[Result "0-1"]
[Round "03"]
[TimeControl "900+10"]
[Date "2021.12.26"]
[WhiteClock "0:01:08"]
[BlackClock "0:04:27"]

1. d4 d5 2. c4 dxc4 3. e3 e5 4. Bxc4 Nc6 5. Nf3 e4 6. Nfd2 f5 7. O-O Bd6 8. Bxg8 Rxg8 9. Qh5+ g6 10. Qxh7 Be6 11. Nc3 Qf6 12. d5 O-O-O 13. f4 Rh8 14. Ndxe4 fxe4 15. Nxe4 Qf8 16. Qxg6 Bxd5 17. Qg4+ Kb8 18. Ng5 Bc5 19. Kh1 Ne5 20. Qg3 Nf7 21. Bd2 Nxg5 22. fxg5 Qe8 23. e4 Bxe4 24. Bf4 Qd7 25. Rae1 Bc6 26. g6 Rdg8 27. Be5 Bd6 28. Bxd6 Qxd6 29. Qxd6 cxd6 30. Rf6 Rh5 31. Rxd6 Rg5 32. Re2 Kc7 33. Rf6 R5xg6 34. Rxg6 Rxg6 35. h3 Kd6 36. Kh2 Re6 37. Rd2+ Ke5 38. g4 Kf4 39. Rd4+ Re4 40. Rd2 Re1 0-1


[Site "http://www.Chess.com"]